cohdb
Replays
Latest Replays
All Replays
Popular Replays
Top Player Replays
Match Explorer
How It Works
Community
CoH3 Stats
Reddit
Sign in to upload your games and track your stats! →
Sign in with Steam
Match 45475730
Unlisted
Match 45475730
Overview
Messages
Build Orders
End
Pioneer Squad
Construct Infanterie Kompanie
Selects Mechanized Battlegroup
MG 42 Machine Gun Team
Grenadier Squad
Grenadier Squad
Construct Luftwaffe Kompanie
Selects Mobile Repair Stations
221 Scout Car
Jäger Squad
221 Scout Car
Luftwaffe Officer Quarters
Jäger Squad
Selects Wespe Self-propelled Artillery
Wespe Self-propelled Artillery
MG 42 Machine Gun Team
Wespe Self-propelled Artillery
Construct Panzer Kompanie
Stoßtruppen Squad
Boneless
Arwootarch
elfen
Urge to Merge
Manganu
Herr Heinler
KELE
loner
0
0
Comments
sign in to comment!
No comments posted yet!